Map: Acid Plant LE

Players

TIME (Oliveira)

  • Race: Terran Terran
  • Spawn Location: 11:00

Scarlett - Winner!

  • Race: Zerg Zerg
  • Spawn Location: 5:00

Event: 2018 Hangzhou StarCraft Carnival

VOD

Have the link to the VOD?

Description

Time

  • Played on: April 29, 2018, 3:06 a.m.
  • Length: 11:42

All games in this series

Show
View Real Time Build Order
Export as new Build Order

TIME Terran 

Build Orders: Reaper Expand, Bio Tank 

Get SALT Encoding   

  12  0:00  SCV  
  13  0:13  SCV  
  14  0:17  Supply Depot  
  14  0:25  SCV  
  15  0:39  SCV  
  15  0:40  Barracks  
  16  0:44  Refinery  
  16  0:51  SCV  
  17  1:03  SCV  
  18  1:15  SCV  
  19  1:27  Reaper, Orbital Command  
  20  1:39  Command Center  
  20  1:50  Barracks  
  20  1:53  SCV  
  21  2:00  Barracks Reactor  
  21  2:05  SCV  
  21  2:07  Supply Depot  
  22  2:12  Refinery  
  22  2:17  SCV  
  23  2:27  Factory  
  23  2:29  SCV  
  24  2:37  Marine x2  
  24  2:38  Barracks Tech Lab  
  24  2:41  SCV  
  27  2:51  Orbital Command  
  27  2:53  SCV  
  27  2:55  Marine x2  
  30  2:59  Stimpack  
  30  3:03  Marine  
  31  3:05  SCV  
  32  3:13  Marine x2  
  32  3:16  SCV  
  32  3:18  SCV  
  36  3:22  Starport  
  36  3:25  Marine, Factory Reactor  
  37  3:28  SCV  
  37  3:30  SCV  
  39  3:34  Supply Depot  
  39  3:36  Marine  
  39  3:39  Marine  
  41  3:42  SCV  
  41  3:43  Marine  
  41  3:44  SCV  
  44  3:53  Marine  
  44  3:54  SCV  
  46  3:56  SCV  
  46  3:59  Supply Depot  
  47  4:05  Medivac x2  
  47  4:06  Marine x2, SCV  
  47  4:09  Supply Depot  
  54  4:20  Marine  
  54  4:21  SCV x2, Engineering Bay  
  54  4:23  Marine  
  58  4:27  Marine  
  59  4:32  Supply Depot  
  59  4:33  SCV  
  59  4:34  Engineering Bay  
  60  4:38  Marine, Medivac  
  60  4:41  Marine, Widow Mine  
  60  4:44  SCV  
  60  4:45  SCV, Marine  
  69  4:47  Terran Infantry Weapons Level 1  
  69  4:52  Supply Depot  
  69  4:56  Marine  
  69  4:57  SCV  
  69  4:58  SCV  
  69  4:59  Marine  
  73  5:03  Marine  
  73  5:04  Supply Depot, Combat Shields  
  74  5:09  SCV  
  75  5:14  Marine  
  75  5:17  Marine  
  75  5:21  Marine  
  79  5:24  SCV  
  79  5:27  Command Center, Terran Infantry Armor Level 1  
  79  5:32  Marine  
  79  5:33  SCV  
  79  5:35  Marine, Supply Depot  
  82  5:38  Marine  
  82  5:40  Factory Tech Lab  
  83  5:43  Supply Depot  
  83  5:47  SCV  
  84  5:50  Marine  
  84  5:52  SCV  
  84  5:53  Marine  
  84  5:56  Marine  
  88  6:02  SCV  
  76  6:04  SCV  
  76  6:07  Marine  
  76  6:09  Medivac  
  76  6:10  Marine  
  81  6:13  Refinery x2  
  81  6:14  SCV, Marine  
  81  6:15  Barracks x3  
  81  6:16  SCV  
  84  6:19  Siege Tank  
  84  6:25  Marine  
  87  6:26  SCV  
  87  6:28  Marine, SCV  
  87  6:32  Marine  
  91  6:38  SCV  
  91  6:39  Armory, Orbital Command  
  92  6:43  Marine  
  92  6:44  SCV  
  92  6:46  Marine  
  95  6:50  Marine, SCV  
  95  6:51  Siege Tank  
  100  6:56  SCV  
  100  7:01  Marine  
  101  7:04  Marine  
  101  7:05  Barracks Reactor  
  101  7:06  Barracks Reactor  
  104  7:08  SCV  
  104  7:10  SCV  
  104  7:12  Orbital Command  
  105  7:15  Barracks Reactor  
  105  7:19  Marine  
  105  7:22  SCV  
  107  7:23  SCV  
  107  7:24  Marine  
  107  7:26  Marine  
  110  7:31  Terran Infantry Weapons Level 2  
  110  7:32  Terran Infantry Armor Level 2  
  110  7:34  Refinery x2  
  110  7:37  Marine  
  110  7:38  Supply Depot x2  
  110  7:39  Supply Depot  
  110  7:41  Marine  
  110  7:44  Marine  
  104  7:51  Siege Tank  
  104  7:55  Marine, Medivac  
  104  7:57  SCV  
  104  7:58  Marine  
  104  8:01  Medivac  
  104  8:02  SCV  
  104  8:04  Marine x3  
  104  8:05  Marine x3  
  110  8:06  SCV  
  110  8:09  SCV  
  110  8:11  Marine  
  115  8:14  SCV, Supply Depot  
  115  8:16  Supply Depot  
  115  8:17  Marine x2, Supply Depot  
  115  8:18  SCV  
  119  8:21  SCV  
  119  8:25  Siege Tank, Factory  
  119  8:26  Terran Vehicle Weapons Level 1  
  123  8:27  Marine  
  123  8:28  Marine x5  
  123  8:29  SCV, Marine  
  131  8:34  SCV  
  131  8:37  Marine  
  133  8:41  Marine  
  133  8:45  Marine  
  133  8:46  Marine, Medivac x2  
  140  8:49  Supply Depot  
  140  8:51  Marine  
  140  8:53  Barracks x2  
  140  8:54  Marine x3  
  140  8:55  Barracks  
  144  9:02  Liberator x2, Siege Tank  
  147  9:04  Marine x2  
  147  9:05  Marine x3  
  147  9:09  Marine  
  153  9:11  SCV x2, Factory Tech Lab  
  153  9:12  Marine x2  
  153  9:15  Marine  
  156  9:22  Marine x2  
  156  9:23  Marine x2  
  166  9:31  Siege Tank  
  169  9:43  Barracks Tech Lab  
  169  9:47  Barracks Tech Lab x2  
  169  9:48  Marine x6  
  169  9:49  Marine x2  
  169  9:50  Marine  
  172  9:52  Command Center  
  172  9:54  Siege Tank  
  175  10:08  Medivac x2  
  179  10:14  Supply Depot  
  179  10:15  Marauder  
  181  10:26  Sensor Tower, Command Center  
  181  10:28  Marine  
  181  10:29  Marauder  
  181  10:35  Siege Tank x2  
  181  10:36  Marauder  
  181  10:39  Marine  
  181  10:40  Marine, Marauder  
  181  10:41  Marauder  
  189  10:50  Marine  
  189  10:51  Marine x2  
  189  10:52  Marauder  
  189  10:53  Marine x2  
  166  10:57  Marauder  
  166  11:03  Marine x2, Marauder  
  144  11:04  Marine, Command Center  
  144  11:08  Marine  
  144  11:09  Marine x2  
  127  11:11  Marine  
  127  11:12  Marine  
  127  11:13  Marauder  
  115  11:18  Marauder  
Show
View Real Time Build Order
Export as new Build Order

Scarlett Zerg - Winner!

Build Orders: Hatch First 

Get SALT Encoding   

  12  0:00  Drone  
  13  0:12  Overlord  
  13  0:17  Drone  
  14  0:30  Drone x2  
  14  0:35  Drone  
  17  0:50  Hatchery  
  17  0:54  Drone  
  18  0:57  Drone  
  18  1:07  Extractor  
  17  1:11  Spawning Pool  
  17  1:14  Drone  
  17  1:19  Drone  
  18  1:27  Drone  
  19  1:38  Drone  
  20  1:49  Overlord  
  20  1:58  Queen  
  22  2:01  Queen  
  22  2:02  Zergling x2  
  22  2:03  Zergling x2  
  26  2:08  Metabolic Boost  
  26  2:14  Drone x2  
  28  2:27  Hatchery  
  27  2:33  Drone x2  
  27  2:36  Drone  
  30  2:45  Queen  
  30  2:48  Drone  
  33  2:51  Overlord  
  33  2:55  Drone  
  34  3:00  Drone  
  34  3:01  Drone  
  36  3:10  Drone x5  
  41  3:17  Overlord  
  41  3:20  Queen  
  41  3:24  Drone  
  44  3:32  Overlord  
  44  3:35  Queen  
  44  3:38  Overlord  
  44  3:40  Drone  
  44  3:41  Drone x2  
  49  3:48  Drone  
  50  3:49  Overlord x2  
  50  3:52  Drone  
  50  3:53  Drone  
  52  3:57  Evolution Chamber  
  52  3:59  Evolution Chamber  
  52  4:00  Drone  
  51  4:05  Drone  
  51  4:06  Drone x2  
  51  4:08  Overlord  
  54  4:11  Drone x2  
  54  4:14  Drone  
  57  4:17  Queen  
  57  4:19  Drone  
  60  4:25  Zerg Ground Armor Level 1  
  60  4:27  Zerg Melee Weapons Level 1  
  60  4:28  Zergling x2  
  60  4:30  Zergling x2  
  62  4:32  Zergling x4  
  62  4:35  Zergling x4  
  66  4:39  Zergling x6  
  66  4:41  Zergling x2  
  66  4:42  Zergling x2  
  66  4:43  Zergling x2  
  66  4:44  Zergling x2  
  73  4:46  Zergling x4  
  73  4:50  Zergling x2  
  73  4:52  Queen  
  78  4:54  Drone x2  
  78  4:57  Drone  
  81  5:00  Baneling Nest, Extractor  
  78  5:10  Drone x4  
  78  5:11  Drone x4  
  78  5:14  Extractor x2  
  84  5:24  Lair  
  84  5:25  Drone  
  84  5:26  Drone x4  
  84  5:27  Overlord x2  
  89  5:30  Overlord  
  89  5:41  Overlord x2  
  89  5:42  Hatchery  
  88  5:43  Zergling x2  
  88  5:47  Zergling x10  
  91  6:02  Zergling x18  
  88  6:14  Baneling x8  
  88  6:15  Drone  
  88  6:16  Drone x2  
  91  6:19  Extractor  
  91  6:21  Drone  
  91  6:22  Zerg Ground Armor Level 2, Drone x2  
  93  6:25  Zerg Missile Weapons Level 1  
  93  6:27  Drone x2  
  95  6:36  Drone  
  96  6:40  Drone x3, Hydralisk Den  
  96  6:41  Extractor  
  97  6:47  Queen  
  97  6:50  Centrifical Hooks  
  97  6:52  Zergling x10, Hatchery  
  103  6:58  Drone x2  
  104  7:03  Drone  
  104  7:04  Drone x2  
  104  7:06  Zergling x12  
  104  7:08  Zergling x6  
  116  7:16  Muscular Augments  
  116  7:17  Hydralisk x4  
  116  7:21  Infestation Pit  
  123  7:26  Hydralisk x4  
  123  7:28  Hydralisk  
  123  7:29  Overlord  
  133  7:30  Overlord  
  133  7:33  Overlord  
  133  7:37  Hydralisk  
  116  7:53  Hydralisk x2  
  116  7:54  Zergling x2, Hydralisk x3  
  116  7:55  Zergling x10  
  126  8:04  Hydralisk x2  
  126  8:05  Zergling x14  
  132  8:09  Zergling x10  
  132  8:11  Hydralisk  
  139  8:12  Hydralisk  
  139  8:16  Baneling  
  139  8:17  Baneling x6  
  141  8:23  Hive  
  141  8:31  Grooved Spines  
  141  8:36  Zerg Missile Weapons Level 2  
  141  8:38  Drone x9  
  141  8:39  Drone  
  151  8:49  Zerg Melee Weapons Level 2  
  151  8:51  Overlord  
  151  8:52  Overlord  
  151  8:53  Drone x6  
  157  9:04  Overlord x2  
  157  9:05  Overlord x3  
  157  9:11  Hydralisk  
  157  9:12  Zergling x2, Hydralisk  
  157  9:13  Zergling x8  
  166  9:23  Extractor x2  
  164  9:36  Hatchery  
  164  9:37  Viper x3  
  172  9:39  Zergling x24  
  182  9:53  Adrenal Glands  
  182  9:54  Zergling x4  
  182  9:55  Zergling x26  
  182  9:57  Baneling x11  
  197  10:01  Zergling x6  
  200  10:10  Baneling x9  
  200  10:11  Baneling  
  200  10:27  Ultralisk Cavern  
  189  10:37  Drone  
  189  10:38  Drone x3  
  189  10:40  Drone x5  
  189  10:42  Spore Crawler  
  191  10:49  Zergling x2  
  194  10:50  Zergling x14  
  178  10:59  Unknown  
  168  11:06  Zergling x12  
  168  11:07  Zergling x6  
  158  11:12  Hydralisk x9  
  158  11:13  Zergling x20  
  183  11:18  Baneling x3  
  183  11:19  Baneling x2  
  183  11:23  Zergling x2  
  183  11:24  Zergling x8  
Tags
 
Add a new tag
Caveats
  • Supply blocks, unpowered buildings, or Contaminate may cause inaccurate times.
  • Supply counts are checked every 10 seconds.